 Dungeon Sprint DCSS version 0.17-a0-1718-g72dbe4d (webtiles) character file.

40934 Kidiri the Imperceptible (level 13, -8/55 HPs)
             Began as a Spriggan Enchanter on Aug 26, 2015.
             Was the Champion of Dithmenos.
             Mangled by the 27-headed Lernaean hydra (13 damage)
             ... in the Dungeon (Sprint III: "The Ten Rune Challenge").
             The game lasted 00:17:36 (3784 turns).

Kidiri the Imperceptible (Spriggan Enchanter)       Turns: 3784, Time: 00:17:36

Health: -8/55      AC:  4    Str:  4    XL:     13   Next: 7%
Magic:  25/35      EV: 38    Int: 21    God:    Dithmenos [******]
Gold:   34         SH:  0    Dex: 21    Spells: 5 memorised, 35 levels left

rFire  . . .     SeeInvis +     a - +1 dagger (pain)
rCold  . . .     Clarity  .     b - +1 robe {MR+}
rNeg   . . .     SustAt   .     (shield restricted)
rPois  .         Gourm    .     (helmet restricted)
rElec  .         Spirit   .     c - +0 cloak
rCorr  .         Warding  .     (gloves unavailable)
rMut   .         NoTele   +     (boots unavailable)
MR     +++..                    (no amulet)
Stlth  +++++++++.               (no ring)
                                (no ring)

@: wreathed by umbra, very quick, extremely resistant to hostile enchantments,
incredibly stealthy
A: unfitting armour, see invisible, clever 2, herbivore 3, speed 3, slow healing
1, slow metabolism 2
a: Shadow Step, Shadow Form, Renounce Religion
}: 1/10 runes: serpentine


You were in the Dungeon.
You worshipped Dithmenos.
Dithmenos was exalted by your worship.
You were full.

You visited 1 branch You collected 34 gold pieces.

Inventory:

Hand weapons
 a - a +1 dagger of pain (weapon)
Armour
 b - a +1 robe of magic resistance (worn)
 c - a +0 cloak (worn)
Magical devices
 n - a wand of digging (5)
Scrolls
 m - 3 scrolls of holy word
 o - 2 scrolls of remove curse
 s - a scroll of torment {unknown}
Potions
 e - a potion of curing
 f - a potion of heal wounds
 g - a potion of haste
 h - 2 potions of magic
 i - 2 potions of berserk rage
 k - a potion of cure mutation
 l - a potion of might
 r - 2 potions of flight
 t - a potion of agility {unknown}
Comestibles
 d - 6 fruits
 p - 33 royal jellies


   Skills:
 + Level 12.2 Short Blades
 * Level 20.5 Dodging
 * Level 22.4 Stealth
 * Level 17.8 Spellcasting
 + Level 8.7 Conjurations
 + Level 13.7 Hexes
 + Level 9.5 Ice Magic
 - Level 2.3 Invocations


You had 35 spell levels left.
You knew the following spells:

 Your Spells              Type           Power        Failure   Level  Hunger
a - Corona                Hex            ######.      0%          1    None
b - Ensorcelled Hibernat  Hex/Ice        ######       1%          2    None
c - Confuse               Hex            ######..     1%          3    None
d - Tukima's Dance        Hex            ######..     1%          3    None
e - Dazzling Spray        Conj/Hex       ######..     1%          3    None


Dungeon Overview and Level Annotations

Branches:
Dungeon (1/1)

Altars:
Cheibriados
Dithmenos
Elyvilon
Fedhas
Gozag
Kikubaaqudgha
Makhleb
Nemelex Xobeh
Okawaru
Qazlal
Ru
Sif Muna
Trog
Vehumet
Xom
Yredelemnul
Zin
The Shining One
Jiyva
Lugonu

Shops:
D (?=:%(

Annotations:
D Lernaean hydra


Innate Abilities, Weirdness & Mutations

You are tiny and cannot use many weapons and most armour.
You have supernaturally acute eyesight.
You are a herbivore.
You cover ground extremely quickly.
You need consume almost no food.
Your mind is very acute. (Int +4)
You heal slowly when monsters are visible.


Message History

You kill the eight-headed hydra!
Dithmenos accepts your kill.
Unknown command.
You enter the shallow water.
Moving in this stuff is going to be slow.
The 27-headed Lernaean hydra completely misses you. x2
The 27-headed Lernaean hydra closely misses you.
The 27-headed Lernaean hydra barely misses you.
The 27-headed Lernaean hydra bites you!
You emit a cloud of dark smoke.
The 27-headed Lernaean hydra completely misses you.
The 27-headed Lernaean hydra bites you. x2
* * * LOW HITPOINT WARNING * * *
The 27-headed Lernaean hydra completely misses you. x2
The 27-headed Lernaean hydra bites you but does no damage.
The 27-headed Lernaean hydra closely misses you.
The 27-headed Lernaean hydra misses you.
The 27-headed Lernaean hydra bites you!
* * * LOW HITPOINT WARNING * * *
The 27-headed Lernaean hydra bites you!
You die...

♣♣.♣ φ
##.... ♣.♣♣
.. #.....
♣.♣♣ ...
#..###
♣.%♣♣#..
#..%..
♣♣.♣..####♣♣
##....
♣♣P♣D.D[..♣
#####
♣♣§§♣♣♣♣♣..♣
##.)).
♣§D§≈§§§§..♣
#∩.[).
♣§@§P§§§P..♣
#∩.###
♣§♣§§§§§§§.♣
#∩....
♣♣♣♣♣♣♣♣§§∩♣
##.... ♣♣♣♣♣
#####


You could see the 27-headed Lernaean hydra.

Vanquished Creatures
  Rupert (D)
  A greater naga (D)
  Maud (D)
  Josephine (D)
  3 hydras (D)
  A naga warrior (D)
  4 anacondas (D)
  A centaur warrior (D)
  4 death yaks (D)
  A spriggan druid (D)
  A death drake (D)
  2 unseen horrors (D)
  2 swamp dragons (D)
  A lindwurm (D)
  8 black mambas (D)
  A guardian serpent (D)
  2 spiny frogs (D)
  A fire drake (D)
  3 wandering mushrooms (D)
  A komodo dragon (D)
  A queen bee (D)
  8 blink frogs (D)
  2 spriggans (D)
  3 redbacks (D)
  A shadow (D)
  A spatial vortex (D)
  4 water moccasins (D)
  3 swamp drakes (D)
  2 nagas (D)
  A necrophage (D)
  An earth elemental (D)
  2 centaurs (D)
  A water elemental (D)
  2 brain worms (D)
  32 killer bees (D)
  An electric eel (D)
  A jelly (D)
  Crazy Yiuf (D)
  A wizard (D)
  Jessica (D)
  A necromancer (D)
  A kobold demonologist (D)
  3 humans (D)
  An adder (D)
  2 rats (D)
117 creatures vanquished.

Vanquished Creatures (collateral kills)
  A deep elf priest (D)
1 creature vanquished.

Vanquished Creatures (others)
  2 draconian scorchers (D)
  2 yaktaurs (D)
  7 plants (D)
11 creatures vanquished.

Grand Total: 129 creatures vanquished

Notes
Turn   | Place    | Note
--------------------------------------------------------------
     0 | D        | Kidiri the Spriggan Enchanter began the quest for the Orb.
     0 | D        | Reached XP level 1. HP: 9/9 MP: 5/5
   139 | D        | Killed a yaktaur
   166 | D        | Noticed Jessica
   172 | D        | Killed Jessica
   172 | D        | Reached skill level 5 in Dodging
   172 | D        | Reached skill level 6 in Stealth
   172 | D        | Reached XP level 2. HP: 13/13 MP: 5/8
   176 | D        | Learned a level 2 spell: Ensorcelled Hibernation
   241 | D        | Noticed Crazy Yiuf
   244 | D        | Killed Crazy Yiuf
   244 | D        | Reached skill level 7 in Stealth
   244 | D        | Reached skill level 5 in Spellcasting
   244 | D        | Reached XP level 3. HP: 16/16 MP: 8/10
   253 | D        | Learned a level 3 spell: Confuse
   257 | D        | Learned a level 3 spell: Tukima's Dance
   257 | D        | Killed a white draconian scorcher
   278 | D        | Learned a level 3 spell: Dazzling Spray
   282 | D        | Killed a white draconian scorcher
   368 | D        | Reached XP level 4. HP: 9/21 MP: 5/12
   398 | D        | Gained mutation: Your body sometimes deteriorates upon taking damage. [potion of mutation]
   398 | D        | Gained mutation: You expend magic power (3 MP) to strengthen your wands. [potion of mutation]
   398 | D        | Gained mutation: Your body often deteriorates upon taking damage. [potion of mutation]
   399 | D        | Lost mutation: You expend magic power (3 MP) to strengthen your wands. [potion of cure mutation]
   399 | D        | Lost mutation: Your body often deteriorates upon taking damage. [potion of cure mutation]
   399 | D        | Lost mutation: Your body sometimes deteriorates upon taking damage. [potion of cure mutation]
   400 | D        | Gained mutation: Your mind is acute. (Int +2) [potion of mutation]
   400 | D        | Gained mutation: You heal slowly when monsters are visible. [potion of mutation]
   400 | D        | Gained mutation: Your mind is very acute. (Int +4) [potion of mutation]
   543 | D        | Noticed a water elemental
   546 | D        | Killed a water elemental
   546 | D        | Reached skill level 8 in Stealth
   546 | D        | Reached skill level 1 in Conjurations
   546 | D        | Reached skill level 5 in Hexes
   546 | D        | Reached skill level 1 in Ice Magic
   546 | D        | Reached XP level 5. HP: 24/24 MP: 12/14
   564 | D        | Noticed a jelly
   565 | D        | Noticed a shadow
   567 | D        | Killed a shadow
   567 | D        | Reached skill level 9 in Stealth
   570 | D        | Killed a jelly
   570 | D        | Reached skill level 10 in Stealth
   570 | D        | Reached XP level 6. HP: 28/28 MP: 10/17
   616 | D        | Found a stormy altar of Qazlal.
   616 | D        | Noticed a spatial vortex
   617 | D        | Found a sacrificial altar of Ru.
   617 | D        | Found a burning altar of Makhleb.
   617 | D        | Found a viscous altar of Jiyva.
   617 | D        | Found a shimmering altar of Xom.
   617 | D        | Found a shadowy altar of Dithmenos.
   617 | D        | Found a sparkling altar of Nemelex Xobeh.
   617 | D        | Found a corrupted altar of Lugonu.
   617 | D        | Found an opulent altar of Gozag.
   621 | D        | Became a worshipper of Dithmenos the Shadowed
   630 | D        | Killed a spatial vortex
   630 | D        | Reached skill level 5 in Short Blades
   630 | D        | Reached skill level 1 in Invocations
   760 | D        | Found a radiant altar of Vehumet.
   761 | D        | Found a deep blue altar of Sif Muna.
   761 | D        | Found an ancient bone altar of Kikubaaqudgha.
   761 | D        | Noticed a wizard
   764 | D        | Reached skill level 11 in Stealth
   766 | D        | Killed a wizard
   766 | D        | Reached skill level 10 in Dodging
  1013 | D        | Found a glowing silver altar of Zin.
  1014 | D        | Found a glowing golden altar of the Shining One.
  1014 | D        | Found a white marble altar of Elyvilon.
  1014 | D        | Noticed a deep elf priest
  1021 | D        | Killed a deep elf priest
  1021 | D        | Reached XP level 7. HP: 32/32 MP: 6/20
  1105 | D        | Found an iron altar of Okawaru.
  1106 | D        | Found a bloodstained altar of Trog.
  1106 | D        | Noticed a human
  1106 | D        | Noticed a human
  1108 | D        | Killed a human
  1108 | D        | Reached skill level 12 in Stealth
  1109 | D        | Killed a human
  1125 | D        | Found a snail-covered altar of Cheibriados.
  1125 | D        | Noticed a necrophage
  1126 | D        | Found a basalt altar of Yredelemnul.
  1126 | D        | Found a blossoming altar of Fedhas.
  1126 | D        | Noticed a necromancer
  1127 | D        | Killed a necrophage
  1127 | D        | Acquired Dithmenos's first power
  1139 | D        | Killed a necromancer
  1232 | D        | Noticed Josephine
  1246 | D        | Killed Josephine
  1246 | D        | Reached skill level 13 in Stealth
  1246 | D        | Reached XP level 8. HP: 31/36 MP: 5/24
  1344 | D        | Noticed an earth elemental
  1391 | D        | Killed an earth elemental
  1391 | D        | Reached skill level 14 in Stealth
  1578 | D        | Noticed a centaur
  1578 | D        | Noticed a centaur warrior
  1578 | D        | Noticed a centaur
  1580 | D        | Killed a centaur warrior
  1580 | D        | Reached skill level 5 in Ice Magic
  1580 | D        | Reached XP level 9. HP: 39/39 MP: 20/25
  1581 | D        | Killed a centaur
  1581 | D        | Acquired Dithmenos's second power
  1582 | D        | Killed a centaur
  1615 | D        | Noticed an unseen horror
  1615 | D        | Noticed an unseen horror
  1616 | D        | Killed an unseen horror
  1616 | D        | Reached skill level 15 in Stealth
  1618 | D        | Killed an unseen horror
  1618 | D        | Reached skill level 5 in Conjurations
  1628 | D        | Noticed a killer bee
  1628 | D        | Noticed a killer bee
  1628 | D        | Noticed a killer bee
  1628 | D        | Noticed a killer bee
  1628 | D        | Noticed a killer bee
  1628 | D        | Noticed a killer bee
  1628 | D        | Noticed a killer bee
  1628 | D        | Noticed a killer bee
  1628 | D        | Noticed a killer bee
  1628 | D        | Noticed a killer bee
  1628 | D        | Noticed a killer bee
  1628 | D        | Noticed a killer bee
  1628 | D        | Noticed a killer bee
  1628 | D        | Noticed a killer bee
  1628 | D        | Noticed a killer bee
  1629 | D        | Noticed a killer bee
  1629 | D        | Noticed a killer bee
  1629 | D        | Noticed a killer bee
  1629 | D        | Noticed a killer bee
  1629 | D        | Noticed a killer bee
  1629 | D        | Noticed a killer bee
  1629 | D        | Noticed a killer bee
  1629 | D        | Noticed a killer bee
  1629 | D        | Noticed a killer bee
  1629 | D        | Noticed a killer bee
  1629 | D        | Noticed a killer bee
  1629 | D        | Noticed a killer bee
  1629 | D        | Noticed a queen bee
  1629 | D        | Noticed a killer bee
  1629 | D        | Noticed a killer bee
  1629 | D        | Noticed a killer bee
  1629 | D        | Noticed a killer bee
  1629 | D        | Noticed a killer bee
  1630 | D        | Killed a killer bee
  1633 | D        | Killed a killer bee
  1633 | D        | Acquired Dithmenos's third power
  1638 | D        | Killed a killer bee
  1640 | D        | Killed a killer bee
  1642 | D        | Killed a killer bee
  1644 | D        | Killed a killer bee
  1646 | D        | Killed a killer bee
  1646 | D        | Reached XP level 10. HP: 40/44 MP: 12/27
  1648 | D        | Killed a killer bee
  1648 | D        | Acquired Dithmenos's fourth power
  1648 | D        | Reached skill level 16 in Stealth
  1650 | D        | Killed a killer bee
  1654 | D        | Killed a killer bee
  1657 | D        | Killed a killer bee
  1885 | D        | Killed a killer bee
  1887 | D        | Killed a killer bee
  1891 | D        | Killed a killer bee
  1895 | D        | Killed a killer bee
  1897 | D        | Killed a killer bee
  1899 | D        | Killed a killer bee
  1901 | D        | Killed a killer bee
  1905 | D        | Killed a killer bee
  1907 | D        | Killed a killer bee
  1907 | D        | Reached skill level 10 in Hexes
  1909 | D        | Killed a killer bee
  1911 | D        | Killed a killer bee
  1913 | D        | Killed a killer bee
  1915 | D        | Killed a killer bee
  2054 | D        | Killed a killer bee
  2056 | D        | Killed a killer bee
  2057 | D        | Killed a killer bee
  2057 | D        | Reached skill level 15 in Dodging
  2058 | D        | Killed a killer bee
  2058 | D        | Killed a killer bee
  2059 | D        | Killed a killer bee
  2060 | D        | Killed a killer bee
  2063 | D        | Killed a queen bee
  2065 | D        | Killed a killer bee
  2225 | D        | Noticed a wandering mushroom
  2226 | D        | Noticed a wandering mushroom
  2226 | D        | Noticed a wandering mushroom
  2229 | D        | Killed a wandering mushroom
  2231 | D        | Killed a wandering mushroom
  2231 | D        | Reached skill level 17 in Stealth
  2233 | D        | Killed a wandering mushroom
  2302 | D        | Noticed a spiny frog
  2302 | D        | Noticed a komodo dragon
  2302 | D        | Noticed a spiny frog
  2305 | D        | Killed a komodo dragon
  2307 | D        | Killed a spiny frog
  2309 | D        | Killed a spiny frog
  2334 | D        | Noticed a redback
  2336 | D        | Killed a redback
  2337 | D        | Noticed a brain worm
  2341 | D        | Killed a brain worm
  2346 | D        | Noticed a brain worm
  2348 | D        | Killed a brain worm
  2354 | D        | Noticed a lindwurm
  2356 | D        | Noticed a redback
  2357 | D        | Killed a lindwurm
  2359 | D        | Killed a redback
  2364 | D        | Noticed a redback
  2365 | D        | Killed a redback
  2365 | D        | Reached XP level 11. HP: 47/47 MP: 30/30
  2366 | D        | Noticed Maud
  2368 | D        | Killed Maud
  2368 | D        | Reached skill level 18 in Stealth
  2394 | D        | Noticed an electric eel
  2395 | D        | Noticed a seven-headed hydra
  2395 | D        | Noticed a four-headed hydra
  2396 | D        | Killed an electric eel
  2398 | D        | Killed a seven-headed hydra
  2399 | D        | Killed a four-headed hydra
  2399 | D        | Reached skill level 10 in Short Blades
  2406 | D        | Noticed a death drake
  2409 | D        | Killed a death drake
  2409 | D        | Reached skill level 19 in Stealth
  2409 | D        | Reached skill level 15 in Spellcasting
  2419 | D        | Found a blossoming altar of Fedhas.
  2419 | D        | Noticed a spriggan
  2419 | D        | Noticed a spriggan druid
  2419 | D        | Noticed a spriggan
  2421 | D        | Killed a spriggan druid
  2422 | D        | Killed a spriggan
  2423 | D        | Killed a spriggan
  2474 | D        | Noticed a black mamba
  2475 | D        | Noticed a black mamba
  2475 | D        | Noticed an anaconda
  2476 | D        | Noticed a black mamba
  2477 | D        | Killed a black mamba
  2479 | D        | Killed an anaconda
  2480 | D        | Killed a black mamba
  2482 | D        | Killed a black mamba
  2522 | D        | Noticed a water moccasin
  2522 | D        | Noticed a water moccasin
  2522 | D        | Noticed an anaconda
  2522 | D        | Noticed a black mamba
  2522 | D        | Noticed a black mamba
  2524 | D        | Killed a water moccasin
  2525 | D        | Killed a black mamba
  2527 | D        | Killed a black mamba
  2530 | D        | Killed an anaconda
  2530 | D        | Reached skill level 20 in Stealth
  2531 | D        | Killed a water moccasin
  2568 | D        | Noticed an anaconda
  2568 | D        | Noticed a black mamba
  2568 | D        | Noticed a water moccasin
  2568 | D        | Noticed a water moccasin
  2570 | D        | Noticed an anaconda
  2573 | D        | Killed a black mamba
  2575 | D        | Killed an anaconda
  2575 | D        | Reached XP level 12. HP: 51/51 MP: 20/33
  2578 | D        | Killed a water moccasin
  2580 | D        | Killed a water moccasin
  2592 | D        | Killed an anaconda
  2690 | D        | Noticed a naga
  2690 | D        | Noticed a naga
  2691 | D        | Noticed a naga warrior
  2691 | D        | Noticed a greater naga
  2691 | D        | Found Rehife's Book Shop.
  2691 | D        | Found Entuf's Food Shoppe.
  2692 | D        | Killed a naga
  2693 | D        | Killed a naga
  2694 | D        | Found Jecs's Antique Weapon Boutique.
  2695 | D        | Killed a naga warrior
  2696 | D        | Killed a greater naga
  2711 | D        | Noticed a guardian serpent
  2713 | D        | Killed a guardian serpent
  2713 | D        | Reached skill level 21 in Stealth
  2717 | D        | Got a serpentine rune of Zot
  2800 | D        | Noticed a swamp drake
  2800 | D        | Noticed a fire drake
  2801 | D        | Killed a fire drake
  2803 | D        | Killed a swamp drake
  2809 | D        | Noticed a blink frog
  2810 | D        | Noticed a blink frog
  2810 | D        | Noticed a blink frog
  2810 | D        | Noticed a blink frog
  2810 | D        | Noticed a blink frog
  2811 | D        | Killed a blink frog
  2817 | D        | Killed a blink frog
  2819 | D        | Killed a blink frog
  2822 | D        | Killed a blink frog
  2829 | D        | Killed a blink frog
  2937 | D        | Noticed Rupert
  2939 | D        | Killed Rupert
  2964 | D        | Noticed a death yak
  2965 | D        | Noticed a death yak
  2965 | D        | Noticed a blink frog
  2966 | D        | Noticed an azure jelly
  2966 | D        | Noticed a death yak
  2966 | D        | Noticed an azure jelly
  2966 | D        | Noticed a blink frog
  2966 | D        | Noticed a death yak
  2967 | D        | Killed a death yak
  2968 | D        | Killed a blink frog
  2974 | D        | Noticed an azure jelly
  2974 | D        | Noticed an azure jelly
  2977 | D        | Noticed a blink frog
  3271 | D        | Noticed a black mamba
  3278 | D        | Noticed a black mamba
  3282 | D        | Killed a death yak
  3425 | D        | Killed a black mamba
  3433 | D        | Killed a death yak
  3585 | D        | Killed a black mamba
  3585 | D        | Reached skill level 22 in Stealth
  3596 | D        | Killed a blink frog
  3597 | D        | Killed a blink frog
  3615 | D        | Killed a death yak
  3698 | D        | Noticed a swamp drake
  3699 | D        | Noticed a swamp dragon
  3700 | D        | Killed a swamp drake
  3703 | D        | Noticed a swamp drake
  3703 | D        | Found Lighiaxt's Antique Weapon Shoppe.
  3703 | D        | Found Toplawip's Magic Scroll Boutique.
  3703 | D        | Found Mikom's Jewellery Emporium.
  3706 | D        | Killed a swamp dragon
  3706 | D        | Reached XP level 13. HP: 55/55 MP: 30/35
  3708 | D        | Killed a swamp drake
  3732 | D        | Killed a yaktaur
  3739 | D        | Noticed a swamp dragon
  3742 | D        | Killed a swamp dragon
  3748 | D        | Noticed the 27-headed Lernaean hydra
  3755 | D        | Noticed an eight-headed hydra
  3782 | D        | Killed an eight-headed hydra
  3784 | D        | Mangled by the 27-headed Lernaean hydra

Vault maps used:
D:        dungeon_sprint_mu

Action                   |  1- 3 |  4- 6 |  7- 9 | 10-12 | 13-15 || total
-------------------------+-------+-------+-------+-------+-------++-------
Melee: Dagger            |    15 |     6 |    32 |   102 |    16 ||   171
 Cast: Ensorcelled Hiber |     6 |     4 |    14 |    48 |     4 ||    76
       Dazzling Spray    |     1 |    11 |    21 |    41 |     3 ||    77
       Tukima's Dance    |       |     1 |     2 |       |       ||     3
       Confuse           |       |       |     1 |     2 |       ||     3
Invok: Shadow Step       |       |       |     1 |    17 |       ||    18
  Use: Potion            |       |     3 |     2 |     1 |       ||     6
       Scroll            |       |     3 |       |     1 |       ||     4
 Stab: Sleeping          |     3 |     4 |    15 |    70 |     3 ||    95
       Invisible         |     1 |       |     2 |     2 |       ||     5
  Eat: Bread ration      |       |       |       |     1 |       ||     1
